Map: Port Aleksander LE

Players

MrFister

  • Race: Terran Terran
  • League: Diamond
  • Spawn Location: 5:00

IIIIIIIIIIII - Winner!

  • Race: Protoss Protoss
  • League: Master
  • Spawn Location: 11:00

VOD

Have the link to the VOD?

Description

Time

  • Played on: Dec. 3, 2018, 5:02 a.m.
  • Length: 10:48
Show
View Real Time Build Order
Export as new Build Order

MrFister Terran 

Build Orders: Cyclone Opening 

Get SALT Encoding   

  12  0:00  SCV  
  13  0:12  SCV  
  14  0:18  Supply Depot  
  14  0:24  SCV  
  15  0:31  Refinery  
  15  0:39  SCV  
  16  0:49  Barracks  
  16  0:52  SCV  
  17  1:04  SCV  
  18  1:11  Refinery  
  18  1:16  SCV  
  19  1:34  Engineering Bay  
  19  1:36  Orbital Command  
  19  1:48  Factory  
  19  1:53  Barracks Tech Lab  
  19  2:04  Supply Depot  
  19  2:10  SCV  
  20  2:28  Supply Depot  
  20  2:30  SCV  
  21  2:38  Cyclone  
  24  2:45  Starport  
  24  2:50  SCV  
  25  3:02  SCV  
  26  3:10  Liberator, Cyclone  
  29  3:14  SCV  
  31  3:27  SCV  
  31  3:32  Mag-Field Accelerator, Supply Depot x2  
  34  3:53  Armory  
  34  3:57  Liberator  
  34  4:05  Command Center  
  22  4:51  Starport  
  22  4:53  Engineering Bay  
  16  5:17  Orbital Command  
  16  5:24  Missile Turret  
  8  6:02  Missile Turret  
  5  7:15  Orbital Command  
  5  7:47  SCV  
  6  8:01  Refinery  
  6  8:14  Orbital Command  
  6  8:18  SCV  
  7  8:31  SCV  
  8  8:40  SCV  
  9  8:43  SCV  
  10  8:52  SCV  
  10  8:55  SCV  
  12  9:04  SCV  
  11  9:16  SCV  
  10  9:19  Starport Tech Lab  
  10  9:23  Orbital Command  
  9  9:28  SCV  
  10  9:40  SCV  
  11  9:49  SCV  
  12  9:52  SCV  
  13  10:05  SCV  
  10  10:15  SCV  
  10  10:19  Factory  
  8  10:27  SCV  
Show
View Real Time Build Order
Export as new Build Order

IIIIIIIIIIII Protoss - Winner!

Build Orders: Zealot Archon, Dark Templar Rush 

Get SALT Encoding   

  12  0:00  Probe  
  13  0:15  Pylon  
  13  0:18  Probe  
  14  0:34  Gateway  
  14  0:38  Probe  
  15  0:45  Assimilator  
  15  0:53  Probe  
  17  1:11  Probe, Assimilator  
  17  1:20  Zealot  
  17  1:23  Probe  
  18  1:28  Cybernetics Core  
  20  1:37  Probe  
  21  1:44  Pylon  
  21  1:49  Warp Gate  
  21  1:53  Probe  
  22  2:07  Twilight Council  
  22  2:14  Stalker  
  24  2:21  Probe  
  25  2:33  Probe  
  26  2:51  Dark Shrine  
  26  2:55  Gateway  
  26  3:04  Gateway  
  26  3:11  Gateway  
  24  3:31  Pylon  
  22  4:04  Dark Templar x3  
  28  4:15  Gateway  
  28  4:16  Pylon  
  28  4:19  Dark Templar  
  26  4:36  Stalker  
  21  5:05  Probe  
  22  5:17  Probe  
  20  5:29  Probe  
  20  5:41  Probe  
  20  5:53  Probe  
  19  7:46  Archon  
  19  8:18  Probe  
  19  8:26  Probe  
  21  8:38  Probe  
  22  8:58  Dark Templar  
  24  9:06  Probe  
  25  9:16  Stalker  
  27  9:18  Probe  
  28  9:39  Dark Templar  
  28  10:18  Probe  
  29  10:27  Probe  
  29  10:29  Dark Templar x2  
  29  10:35  Probe  
Tags
 
Add a new tag
Caveats
  • Supply blocks, unpowered buildings, or Contaminate may cause inaccurate times.
  • Supply counts are checked every 10 seconds.